Heat vs Wolfpack
(R1)
Created - April 29, 2021 at 19:00
Goals
|
Heat |
1 |
3 |
1 |
1 |
6 |
Wolfpack |
1 |
4 |
0 |
0 |
5 |
|
Shots
|
Heat |
17 |
12 |
9 |
2 |
40 |
Wolfpack |
2 |
20 |
10 |
1 |
33 |
|
1st period
1. Heat , Philip Varone 44 (Tanner Pearson 59, Esa Lindell 66) at 7:44
2. Wolfpack , Artem Anisimov 47 (Richard Panik 72) at 17:00
Penalties :
Steven Santini (Wol) for Hooking (Minor) at 0:49
2nd period
3. Wolfpack , Richard Panik 55 (Artem Anisimov 72) at 0:32
4. Heat , Philip Varone 45 (Bryan Rust 45, Tanner Pearson 60) at 9:21
5. Wolfpack , Sebastian Collberg 11 (Steven Santini 14, Phillip Danault 15) at 13:46
6. Wolfpack , Samuel Blais 20 (Colton White 1, Joshua Jacobs 4) at 15:19
7. Wolfpack , Richard Panik 56 (Artem Anisimov 73, Ryan Culkin 13) at 15:53 (SH)
8. Heat , Kevin Labanc 30 (Tanner Pearson 61, Philip Varone 53) at 16:42 (PP)
9. Heat , Philip Varone 46 (Greg Pateryn 24) at 18:31
Penalties :
David Savard (Sto) for Tripping (Minor) at 6:13, Seth Griffith (Wol) for Interference (Minor) at 9:57, Joshua Jacobs (Wol) for Hooking (Minor) at 15:43, Frank Corrado (Sto) for Hooking (Minor) at 19:24
3rd period
10. Heat , Philip Varone 47 (Kevin Labanc 55, Tanner Pearson 62) at 13:17 (PP)
Penalties :
Victor Rask (Sto) for Hooking (Minor) at 2:54, Adam Lowry (Wol) for Roughing (Minor) at 13:02, Greg Pateryn (Sto) for Holding (Minor) at 14:33, Greg Pateryn (Sto) for High sticking (Minor) at 19:15
Overtime #1
11. Heat , Victor Rask 26 (Matthew Nieto 30) at 4:03
Penalties :
No Penalty
Goalie Stats
Antti Raanta (Sto), 13 saves from 14 shots - (0.929), W, 12-8-2, 28:44 minutes
Michael Hutchinson (Sto), 15 saves from 19 shots - (0.789), 35:19 minutes
Jordan Binnington (Wol), 34 saves from 40 shots - (0.850), OTL, 13-18-3, 64:03 minutes
Players Stats for Heat
Player Name G A P +/- PIM S H SB GA TA FO MP PP MP PK MP
------------------------------------------------------------------------------------
Bryan Rust 0 1 1 3 0 2 3 1 0 1 2/3 22:27 0:00 6:02
Chris Brown 0 0 0 0 0 2 0 1 0 0 0/2 9:25 0:06 1:17
Colby Cohen 0 0 0 1 0 2 0 1 0 0 0/0 15:11 0:00 3:53
David Savard 0 0 0 -1 2 0 2 1 1 1 0/0 29:07 3:26 5:03
Esa Lindell 0 1 1 -2 0 1 2 2 1 2 0/0 30:10 3:26 6:17
Evgeny Svechnikov 0 0 0 -2 0 0 0 0 0 0 2/2 15:16 1:54 0:00
Frank Corrado 0 0 0 0 2 1 0 1 0 0 0/0 10:47 0:00 0:59
Greg Pateryn 0 1 1 0 4 1 1 3 0 0 0/0 19:06 1:46 0:00
Jake DeBrusk 0 0 0 -2 0 1 2 0 0 0 0/0 11:10 0:00 1:25
Kevin Labanc 1 1 2 -3 0 2 1 1 1 0 0/1 12:32 3:12 0:00
Mathieu Brodeur 0 0 0 0 0 2 1 4 0 0 0/0 23:56 1:46 3:38
Matthew Nieto 0 1 1 -1 0 2 3 3 0 0 0/1 17:45 1:54 2:14
Peter Cehlarik 0 0 0 0 0 3 1 0 0 0 0/1 7:33 0:00 0:00
Philip Varone 4 1 5 2 0 8 1 0 1 0 17/35 26:06 3:12 5:23
Ryan Spooner 0 0 0 -2 0 1 1 0 0 0 1/2 11:31 0:00 2:14
Tanner Pearson 0 4 4 2 0 5 2 2 1 0 2/3 20:06 3:18 0:00
Tyler Shattock 0 0 0 0 0 1 1 0 0 0 0/0 7:40 0:06 0:00
Victor Rask 1 0 1 -1 2 6 0 0 0 0 10/14 16:24 1:54 0:00
Players Stats for Wolfpack
Player Name G A P +/- PIM S H SB GA TA FO MP PP MP PK MP
------------------------------------------------------------------------------------
Adam Lowry 0 0 0 1 2 0 0 0 0 0 0/0 7:37 0:00 0:00
Artem Anisimov 1 2 3 1 0 6 0 0 1 1 17/35 24:55 4:53 2:59
Colton White 0 1 1 0 0 1 1 0 0 0 0/0 20:46 3:42 1:55
Connor Chatam 0 0 0 1 0 2 0 0 0 0 0/0 7:38 0:00 0:00
Dave Dziurzynski 0 0 0 0 0 3 2 2 1 1 0/3 22:21 4:53 1:31
David Pope 0 0 0 0 0 3 3 0 0 0 0/0 14:58 3:47 0:00
Derrick Pouliot 0 0 0 0 0 0 1 0 0 0 0/0 1:07 0:00 0:00
Dryden Hunt 0 0 0 -1 0 1 0 0 0 0 0/0 1:50 0:00 0:42
Jacob Middleton 0 0 0 0 0 0 2 0 0 0 0/0 14:58 0:00 1:14
Jake Marchment 0 0 0 -1 0 0 0 0 0 0 0/0 0:50 0:00 0:00
Joel Kiviranta 0 0 0 0 0 0 0 0 0 0 0/0 1:29 0:00 0:42
Joshua Jacobs 0 1 1 0 2 0 1 0 0 0 0/0 20:36 3:42 1:46
Keegan Kolesar 0 0 0 0 0 0 0 0 0 0 0/0 0:00 0:00 0:00
Kevin Roy 0 0 0 0 0 0 0 0 0 1 1/2 12:05 0:00 0:00
Mikhail Vorobyev 0 0 0 0 0 0 0 0 0 0 0/0 0:00 0:00 0:00
Phillip Danault 0 1 1 0 0 2 3 0 0 0 0/0 12:05 0:00 0:00
Richard Panik 2 1 3 1 0 5 0 1 0 0 7/9 24:55 4:53 2:59
Ryan Culkin 0 1 1 2 0 0 3 4 1 0 0/0 24:49 3:46 3:13
Samuel Blais 1 0 1 1 0 3 0 0 0 0 0/0 7:38 0:00 0:00
Sebastian Collberg 1 0 1 0 0 2 0 2 1 0 0/0 12:05 0:00 0:00
Seth Griffith 0 0 0 0 2 1 1 0 0 0 5/15 15:07 3:47 0:00
Stefan Noesen 0 0 0 0 0 1 3 0 0 0 0/0 17:19 3:47 1:31
Steven Santini 0 1 1 1 2 3 1 0 0 2 0/0 29:03 4:58 2:12
Will Borgen 0 0 0 -1 0 0 0 1 0 0 0/0 16:45 1:12 0:04
3 Stars
1 - Philip Varone (Sto)
2 - Tanner Pearson (Sto)
3 - Richard Panik (Wol)
Power Play
Heat - 2 on 4 Attempt(s) - 50.00%
Wolfpack - 0 on 5 Attempt(s) - 0.00%
Penalty Kill
Heat - 5 on 5 Attempt(s) - 100.00%
- Score 0 goal in Penalty Kill
Wolfpack - 2 on 4 Attempt(s) - 50.00%
- Score 1 goal in Penalty Kill
Team Stat
Heat - Hits : 21 - Faceoff Wins : 34 - Blocked Shots : 20 - Penalty Minutes : 10
Wolfpack - Hits : 21 - Faceoff Wins : 30 - Blocked Shots : 10 - Penalty Minutes : 8
Official
Referees : Unknown
Linesman : Unknown
Game Notes
Antti Raanta enters game at 15:19 of 2nd period
Philip Varone has scored a Hat Trick!
Ryan Culkin is injured at 13:46 of 3rd period (Torso)
Finance
Level 1 -- Attendance: 1406 (70.30%) -- Ticket Income $56,240
Level 2 -- Attendance: 731 (73.10%) -- Ticket Income $14,620
Total Attendance: 2137 (71.23%)
Total Ticket Income: $70,860
Other Income: $3,543
Total Income: $74,403
Heat
5 vs 5 Forward
Center Left Wing Right Wing Time % Phy DF OF
1 Philip Varone Tanner Pearson Bryan Rust 40 1 2 2
2 Victor Rask Matthew Nieto Evgeny Svechnikov 30 1 2 2
3 Ryan Spooner Jake DeBrusk Kevin Labanc 20 1 2 2
4 Chris Brown Peter Cehlarik Tyler Shattock 10 1 2 2
5 vs 5 Defense
Defense Defense Time % Phy DF OF
1 David Savard Esa Lindell 40 1 2 2
2 Greg Pateryn Mathieu Brodeur 30 1 2 2
3 Colby Cohen Frank Corrado 20 1 2 2
4 Greg Pateryn Mathieu Brodeur 10 1 2 2
PowerPlay Forward
Center Left Wing Right Wing Time % Phy DF OF
1 Philip Varone Tanner Pearson Kevin Labanc 60 1 2 2
2 Victor Rask Matthew Nieto Evgeny Svechnikov 40 1 2 2
PowerPlay Defense
Defense Defense Time % Phy DF OF
1 David Savard Esa Lindell 60 1 2 2
2 Greg Pateryn Mathieu Brodeur 40 1 2 2
Penalty Kill 4 Players Forward
Center Wing Time % Phy DF OF
1 Philip Varone Bryan Rust 60 1 2 2
2 Ryan Spooner Matthew Nieto 40 1 2 2
Penalty Kill 4 Players Defense
Defense Defense Time % Phy DF OF
1 David Savard Esa Lindell 60 1 2 2
2 Colby Cohen Mathieu Brodeur 40 1 2 2
Penalty Kill - 3 Players Forward
Forward Time % Phy DF OF
1 Bryan Rust 60 1 2 2
2 Philip Varone 40 1 2 2
Penalty Kill - 3 Players Defense
Defense Defense Time % Phy DF OF
1 David Savard Esa Lindell 60 1 2 2
2 Colby Cohen Mathieu Brodeur 40 1 2 2
4 vs 4 Forward
Center Wing Time % Phy DF OF
1 Philip Varone Tanner Pearson 60 1 2 2
2 Victor Rask Bryan Rust 40 1 2 2
4 vs 4 Defense
Defense Defense Time % Phy DF OF
1 David Savard Esa Lindell 60 1 2 2
2 Greg Pateryn Mathieu Brodeur 40 1 2 2
Last Minutes Offensive
Center Left Wing Right Wing Defense Defense
Philip Varone Tanner Pearson Bryan Rust David Savard Esa Lindell
Last Minutes Defensive
Center Left Wing Right Wing Defense Defense
Philip Varone Tanner Pearson Bryan Rust David Savard Esa Lindell
Goaltenders
Starting : Michael Hutchinson
Backup : Antti Raanta
Extra Forwards
Normal : Victor Rask, Matthew Nieto, Evgeny Svechnikov - PP : Evgeny Svechnikov, Kevin Labanc - PK : Philip Varone
Extra Defensemen
Normal : Greg Pateryn, Colby Cohen, Frank Corrado - PP : Greg Pateryn - PK : Colby Cohen, Frank Corrado
Penalty Shots
Jake DeBrusk, Tanner Pearson, Evgeny Svechnikov, Philip Varone, Matthew Nieto
Scratches
Rasmus Andersson (Healthy), Christian Jaros (Healthy), Trevor Carrick (Healthy), Petteri Lindbohm (Healthy), Alexander True (Healthy)
Eric Karlsson (Healthy), Barclay Goodrow (Healthy), John Gilmour (Healthy), Ryan Donato (Healthy), Vladislav Kamenev (Healthy)
Dominik Masin (Healthy), Brandon Hickey (Healthy), Nathan Lieuwen (Healthy), Vitek Vanecek (Healthy)
Wolfpack
5 vs 5 Forward
Center Left Wing Right Wing Time % Phy DF OF
1 Artem Anisimov Dave Dziurzynski Richard Panik 40 1 2 2
2 Seth Griffith David Pope Stefan Noesen 30 1 2 2
3 Kevin Roy Phillip Danault Sebastian Collberg 20 1 2 2
4 Adam Lowry Samuel Blais Connor Chatam 10 1 2 2
5 vs 5 Defense
Defense Defense Time % Phy DF OF
1 Ryan Culkin Steven Santini 40 1 2 2
2 Colton White Joshua Jacobs 30 1 2 2
3 Will Borgen Jacob Middleton 20 1 2 2
4 Ryan Culkin Steven Santini 10 1 2 2
PowerPlay Forward
Center Left Wing Right Wing Time % Phy DF OF
1 Artem Anisimov Dave Dziurzynski Richard Panik 60 1 2 2
2 Seth Griffith David Pope Stefan Noesen 40 1 2 2
PowerPlay Defense
Defense Defense Time % Phy DF OF
1 Ryan Culkin Steven Santini 60 1 2 2
2 Colton White Joshua Jacobs 40 1 2 2
Penalty Kill 4 Players Forward
Center Wing Time % Phy DF OF
1 Richard Panik Artem Anisimov 60 1 2 2
2 Dave Dziurzynski Stefan Noesen 40 1 2 2
Penalty Kill 4 Players Defense
Defense Defense Time % Phy DF OF
1 Ryan Culkin Steven Santini 60 1 2 2
2 Colton White Joshua Jacobs 40 1 2 2
Penalty Kill - 3 Players Forward
Forward Time % Phy DF OF
1 Richard Panik 60 1 2 2
2 Artem Anisimov 40 1 2 2
Penalty Kill - 3 Players Defense
Defense Defense Time % Phy DF OF
1 Ryan Culkin Steven Santini 60 1 2 2
2 Colton White Joshua Jacobs 40 1 2 2
4 vs 4 Forward
Center Wing Time % Phy DF OF
1 Richard Panik Artem Anisimov 60 1 2 2
2 Dave Dziurzynski Stefan Noesen 40 1 2 2
4 vs 4 Defense
Defense Defense Time % Phy DF OF
1 Ryan Culkin Steven Santini 60 1 2 2
2 Colton White Joshua Jacobs 40 1 2 2
Last Minutes Offensive
Center Left Wing Right Wing Defense Defense
Artem Anisimov Dave Dziurzynski Richard Panik Ryan Culkin Steven Santini
Last Minutes Defensive
Center Left Wing Right Wing Defense Defense
Artem Anisimov Dave Dziurzynski Richard Panik Ryan Culkin Steven Santini
Goaltenders
Starting : Jordan Binnington
Backup : Samuel Montembeault
Extra Forwards
Normal : Dryden Hunt, Jake Marchment, Joel Kiviranta - PP : Dryden Hunt, Jake Marchment - PK : Joel Kiviranta
Extra Defensemen
Normal : Will Borgen, Jacob Middleton, Colton White - PP : Will Borgen - PK : Jacob Middleton, Colton White
Penalty Shots
Richard Panik, Artem Anisimov, Dave Dziurzynski, Stefan Noesen, Seth Griffith
Scratches
Vince Dunn (Right Leg Injury), Brett Ponich (Bruised Right Foot Injury), Morgan Ellis (Healthy)
% Time on Ice - Heat
Lines # - Real PCT - Wanted PCT - Time Play
Normal Forward
1 - 36% - 40% - 16:26
2 - 28% - 30% - 12:52
3 - 20% - 20% - 9:17
4 - 16% - 10% - 7:33
Normal Defense
1 - 42% - 40% - 19:13
2 - 31% - 30% - 14:10
3 - 21% - 20% - 9:43
4 - 7% - 10% - 3:02
PP Forward
1 - 63% - 60% - 3:18
2 - 37% - 40% - 1:54
PP Defense
1 - 66% - 60% - 3:26
2 - 34% - 40% - 1:46
PK Forward
1 - 74% - 60% - 6:26
2 - 26% - 40% - 2:14
PK Defense
1 - 71% - 60% - 6:11
2 - 29% - 40% - 2:29
PK3 Forward
1 - 81% - 60% - 1:01
2 - 19% - 40% - 0:14
PK3 Defense
1 - 68% - 60% - 0:51
2 - 32% - 40% - 0:24
44 Forward
1 - 96% - 60% - 2:41
2 - 4% - 40% - 0:07
44 Defense
1 - 51% - 60% - 1:26
2 - 49% - 40% - 1:22
Last Minute Offensive - 0:00
Last Minute Defensive - 0:00
Total
Forward - 64:03
Defense - 64:03
|
% Time on Ice - Wolfpack
Lines # - Real PCT - Wanted PCT - Time Play
Normal Forward
1 - 33% - 40% - 15:14
2 - 24% - 30% - 11:11
3 - 26% - 20% - 12:05
4 - 17% - 10% - 7:38
Normal Defense
1 - 41% - 40% - 19:03
2 - 30% - 30% - 14:04
3 - 25% - 20% - 11:41
4 - 3% - 10% - 1:20
PP Forward
1 - 56% - 60% - 4:53
2 - 44% - 40% - 3:47
PP Defense
1 - 57% - 60% - 4:58
2 - 43% - 40% - 3:42
PK Forward
1 - 71% - 60% - 3:41
2 - 29% - 40% - 1:31
PK Defense
1 - 63% - 60% - 3:17
2 - 37% - 40% - 1:55
PK3 Forward
1 - 0% - 60%
2 - 0% - 40%
PK3 Defense
1 - 0% - 60%
2 - 0% - 40%
44 Forward
1 - 78% - 60% - 3:10
2 - 22% - 40% - 0:53
44 Defense
1 - 76% - 60% - 3:04
2 - 24% - 40% - 0:59
Last Minute Offensive - 0:00
Last Minute Defensive - 0:00
Total
Forward - 64:03
Defense - 64:03
|
Play-by-Play
1st period
0:01 of 1st period - Artem Anisimov wins face-off versus Philip Varone in neutral zone.
0:04 of 1st period - Slapshot by Richard Panik.
0:04 of 1st period - Deflect By Dave Dziurzynski.
0:04 of 1st period - Shot Misses the Net.
0:04 of 1st period - Puck is out of play.
0:05 of 1st period - Artem Anisimov wins face-off versus Philip Varone in Heat zone.
0:39 of 1st period - Snap shot by Victor Rask.
0:39 of 1st period - Shot Blocked by Ryan Culkin.
0:41 of 1st period - Wrist shot by Victor Rask.
0:41 of 1st period - Shot Blocked by Ryan Culkin.
0:49 of 1st period - Minor Penalty to Steven Santini for Hooking.
0:50 of 1st period - Richard Panik wins face-off versus Philip Varone in Wolfpack zone.
1:03 of 1st period - Wrist shot by Tanner Pearson.
1:03 of 1st period - Stopped by Jordan Binnington with a rebound.
1:05 of 1st period - Backhand shot by Esa Lindell.
1:05 of 1st period - Shot Misses the Net.
2:49 of 1st period - Penalty to Steven Santini is over, Steven Santini is back on ice.
3:01 of 1st period - Snap shot by Peter Cehlarik.
3:01 of 1st period - Shot Misses the Net.
3:18 of 1st period - Icing by Colton White.
3:19 of 1st period - Seth Griffith wins face-off versus Philip Varone in Wolfpack zone.
3:40 of 1st period - Richard Panik is hit by Greg Pateryn and loses puck.
4:15 of 1st period - Evgeny Svechnikov is hit by Jacob Middleton and loses puck.
5:04 of 1st period - Off-side.
5:05 of 1st period - Victor Rask wins face-off versus Seth Griffith in neutral zone.
5:10 of 1st period - Backhand shot by Matthew Nieto.
5:10 of 1st period - Stopped by Jordan Binnington with a rebound.
5:18 of 1st period - Wrist shot by Victor Rask.
5:18 of 1st period - Stopped by Jordan Binnington without a rebound.
5:19 of 1st period - Artem Anisimov wins face-off versus Philip Varone in Wolfpack zone.
5:43 of 1st period - Icing by Artem Anisimov.
5:44 of 1st period - Kevin Roy wins face-off versus Victor Rask in Wolfpack zone.
5:59 of 1st period - Wrist shot by Phillip Danault.
5:59 of 1st period - Shot Blocked by Esa Lindell.
6:09 of 1st period - Richard Panik is hit by Philip Varone and loses puck.
6:37 of 1st period - Stefan Noesen is hit by Ryan Spooner and loses puck.
7:24 of 1st period - Slapshot by Victor Rask.
7:24 of 1st period - Stopped by Jordan Binnington with a rebound.
7:42 of 1st period - Slapshot by Philip Varone.
7:42 of 1st period - Stopped by Jordan Binnington with a rebound.
7:44 of 1st period - Wrist shot by Philip Varone.
7:44 of 1st period - Goal by Philip Varone - Heat : 1 - Wolfpack : 0.
7:45 of 1st period - Tanner Pearson wins face-off versus Artem Anisimov in neutral zone.
9:06 of 1st period - Wrist shot by Kevin Labanc.
9:06 of 1st period - Stopped by Jordan Binnington with a rebound.
9:48 of 1st period - Steven Santini is hit by David Savard.
10:20 of 1st period - Slapshot by Philip Varone.
10:20 of 1st period - Shot Misses the Net.
10:22 of 1st period - Wrist shot by Tanner Pearson.
10:22 of 1st period - Stopped by Jordan Binnington with a rebound.
10:40 of 1st period - Snap shot by Phillip Danault.
10:40 of 1st period - Shot Misses the Net.
10:42 of 1st period - Slapshot by Phillip Danault.
10:42 of 1st period - Shot Misses the Net.
11:23 of 1st period - Snap shot by Stefan Noesen.
11:23 of 1st period - Deflect By Artem Anisimov.
11:23 of 1st period - Shot Misses the Net.
11:23 of 1st period - Puck is out of play.
11:24 of 1st period - Artem Anisimov wins face-off versus Ryan Spooner in Heat zone.
11:27 of 1st period - Wrist shot by Richard Panik.
11:27 of 1st period - Shot Misses the Net.
11:33 of 1st period - Artem Anisimov is hit by Jake DeBrusk and loses puck.
11:50 of 1st period - Philip Varone is hit by Stefan Noesen and loses puck.
12:24 of 1st period - Esa Lindell is hit by Phillip Danault and loses puck.
12:43 of 1st period - Slapshot by Chris Brown.
12:43 of 1st period - Deflect By Peter Cehlarik.
12:43 of 1st period - Stopped by Jordan Binnington with a rebound.
12:45 of 1st period - Wrist shot by Mathieu Brodeur.
12:45 of 1st period - Shot Misses the Net.
12:47 of 1st period - Slapshot by Colby Cohen.
12:47 of 1st period - Stopped by Jordan Binnington without a rebound.
12:48 of 1st period - Philip Varone wins face-off versus Dave Dziurzynski in Wolfpack zone.
13:04 of 1st period - Wrist shot by Artem Anisimov.
13:04 of 1st period - Stopped by Michael Hutchinson with a rebound.
13:27 of 1st period - Victor Rask is hit by David Pope.
14:03 of 1st period - Richard Panik is hit by Tanner Pearson and loses puck.
14:48 of 1st period - Wrist shot by David Pope.
14:48 of 1st period - Shot Misses the Net.
14:50 of 1st period - Snap shot by Stefan Noesen.
14:50 of 1st period - Shot Blocked by Matthew Nieto.
14:52 of 1st period - Wrist shot by David Pope.
14:52 of 1st period - Shot Misses the Net.
15:02 of 1st period - David Savard is hit by Steven Santini and loses puck.
15:33 of 1st period - Slapshot by Philip Varone.
15:33 of 1st period - Shot Misses the Net.
15:35 of 1st period - Slapshot by David Savard.
15:35 of 1st period - Shot Blocked by Dave Dziurzynski.
15:37 of 1st period - Slapshot by David Savard.
15:37 of 1st period - Shot Misses the Net.
16:11 of 1st period - Slapshot by Tyler Shattock.
16:11 of 1st period - Shot Blocked by Ryan Culkin.
16:13 of 1st period - Slapshot by Mathieu Brodeur.
16:13 of 1st period - Shot Hit the Post.
16:15 of 1st period - Slapshot by Peter Cehlarik.
16:15 of 1st period - Stopped by Jordan Binnington with a rebound.
16:17 of 1st period - Slapshot by Mathieu Brodeur.
16:17 of 1st period - Stopped by Jordan Binnington with a rebound.
16:19 of 1st period - Wrist shot by Peter Cehlarik.
16:19 of 1st period - Stopped by Jordan Binnington with a rebound.
16:33 of 1st period - Philip Varone is hit by Phillip Danault and loses puck.
17:00 of 1st period - Snap shot by Artem Anisimov.
17:00 of 1st period - Goal by Artem Anisimov - Heat : 1 - Wolfpack : 1.
17:01 of 1st period - Philip Varone wins face-off versus Artem Anisimov in neutral zone.
17:06 of 1st period - Snap shot by Bryan Rust.
17:06 of 1st period - Deflect By Richard Panik.
17:06 of 1st period - Shot Blocked by Richard Panik.
17:06 of 1st period - Puck is out of play.
17:07 of 1st period - Philip Varone wins face-off versus Artem Anisimov in Wolfpack zone.
17:34 of 1st period - Wrist shot by Phillip Danault.
17:34 of 1st period - Shot Blocked by Mathieu Brodeur.
17:46 of 1st period - Slapshot by Bryan Rust.
17:46 of 1st period - Shot Misses the Net.
18:21 of 1st period - Wrist shot by Philip Varone.
18:21 of 1st period - Stopped by Jordan Binnington with a rebound.
18:23 of 1st period - Slapshot by Greg Pateryn.
18:23 of 1st period - Shot Misses the Net.
18:51 of 1st period - Backhand shot by Tanner Pearson.
18:51 of 1st period - Stopped by Jordan Binnington with a rebound.
19:29 of 1st period - Slapshot by Tanner Pearson.
19:29 of 1st period - Stopped by Jordan Binnington with a rebound.
19:31 of 1st period - Slapshot by Mathieu Brodeur.
19:31 of 1st period - Stopped by Jordan Binnington without a rebound.
19:32 of 1st period - Victor Rask wins face-off versus Artem Anisimov in Wolfpack zone.
19:32 of 1st period - Victor Rask is hit by Ryan Culkin.
Goals for this period are 1 for Heat vs 1 for Wolfpack.
Shots for this period are 17 for Heat vs 2 for Wolfpack.
2nd period
0:01 of 2nd period - Evgeny Svechnikov wins face-off versus Artem Anisimov in neutral zone.
0:03 of 2nd period - Off-side.
0:04 of 2nd period - Artem Anisimov wins face-off versus Matthew Nieto in neutral zone.
0:07 of 2nd period - Snap shot by Dave Dziurzynski.
0:07 of 2nd period - Stopped by Michael Hutchinson without a rebound.
0:08 of 2nd period - Victor Rask wins face-off versus Artem Anisimov in Heat zone.
0:15 of 2nd period - Richard Panik is hit by Matthew Nieto and loses puck.
0:32 of 2nd period - Snap shot by Richard Panik.
0:32 of 2nd period - Goal by Richard Panik - Heat : 1 - Wolfpack : 2.
0:33 of 2nd period - Artem Anisimov wins face-off versus Kevin Labanc in neutral zone.
0:50 of 2nd period - Ryan Spooner is hit by Dave Dziurzynski and loses puck.
2:10 of 2nd period - Off-side.
2:11 of 2nd period - Philip Varone wins face-off versus Artem Anisimov in neutral zone.
2:18 of 2nd period - Wrist shot by Philip Varone.
2:18 of 2nd period - Shot Misses the Net.
2:20 of 2nd period - Slapshot by Frank Corrado.
2:20 of 2nd period - Stopped by Jordan Binnington without a rebound.
2:21 of 2nd period - Philip Varone wins face-off versus Artem Anisimov in Wolfpack zone.
2:24 of 2nd period - Wrist shot by Bryan Rust.
2:24 of 2nd period - Shot Misses the Net.
2:26 of 2nd period - Snap shot by Colby Cohen.
2:26 of 2nd period - Shot Misses the Net.
2:28 of 2nd period - Snap shot by Tanner Pearson.
2:28 of 2nd period - Stopped by Jordan Binnington without a rebound.
2:29 of 2nd period - Victor Rask wins face-off versus Seth Griffith in Wolfpack zone.
2:40 of 2nd period - Snap shot by Matthew Nieto.
2:40 of 2nd period - Stopped by Jordan Binnington without a rebound.
2:41 of 2nd period - Victor Rask wins face-off versus Dave Dziurzynski in Wolfpack zone.
2:55 of 2nd period - Off-side.
2:56 of 2nd period - Philip Varone wins face-off versus Seth Griffith in neutral zone.
3:21 of 2nd period - Dave Dziurzynski is hit by David Savard and loses puck.
3:51 of 2nd period - Slapshot by Samuel Blais.
3:51 of 2nd period - Stopped by Michael Hutchinson without a rebound.
3:52 of 2nd period - Seth Griffith wins face-off versus Philip Varone in Heat zone.
3:57 of 2nd period - Wrist shot by David Pope.
3:57 of 2nd period - Stopped by Michael Hutchinson with a rebound.
3:59 of 2nd period - Slapshot by Colton White.
3:59 of 2nd period - Stopped by Michael Hutchinson with a rebound.
4:01 of 2nd period - Slapshot by Colton White.
4:01 of 2nd period - Shot Misses the Net.
4:05 of 2nd period - Snap shot by David Pope.
4:05 of 2nd period - Shot Misses the Net.
4:07 of 2nd period - Snap shot by David Pope.
4:07 of 2nd period - Stopped by Michael Hutchinson with a rebound.
4:22 of 2nd period - Dave Dziurzynski is hit by Mathieu Brodeur and loses puck.
4:37 of 2nd period - Wrist shot by Phillip Danault.
4:37 of 2nd period - Stopped by Michael Hutchinson with a rebound.
4:39 of 2nd period - Snap shot by Steven Santini.
4:39 of 2nd period - Stopped by Michael Hutchinson with a rebound.
4:41 of 2nd period - Snap shot by Phillip Danault.
4:41 of 2nd period - Shot Blocked by Kevin Labanc.
4:43 of 2nd period - Snap shot by Phillip Danault.
4:43 of 2nd period - Shot Blocked by Greg Pateryn.
4:51 of 2nd period - Will Borgen is hit by Kevin Labanc and loses puck.
5:29 of 2nd period - Snap shot by Jake DeBrusk.
5:29 of 2nd period - Stopped by Jordan Binnington with a rebound.
5:43 of 2nd period - Wrist shot by Connor Chatam.
5:43 of 2nd period - Stopped by Michael Hutchinson without a rebound.
5:44 of 2nd period - Artem Anisimov wins face-off versus Philip Varone in Heat zone.
5:53 of 2nd period - Wrist shot by Artem Anisimov.
5:53 of 2nd period - Shot Misses the Net.
5:55 of 2nd period - Snap shot by Richard Panik.
5:55 of 2nd period - Stopped by Michael Hutchinson with a rebound.
5:57 of 2nd period - Slapshot by Steven Santini.
5:57 of 2nd period - Stopped by Michael Hutchinson without a rebound.
5:58 of 2nd period - Tanner Pearson wins face-off versus Seth Griffith in Heat zone.
5:58 of 2nd period - Tanner Pearson is hit by David Pope.
6:13 of 2nd period - Minor Penalty to David Savard for Tripping.
6:14 of 2nd period - Philip Varone wins face-off versus Artem Anisimov in Heat zone.
6:24 of 2nd period - Snap shot by Artem Anisimov.
6:24 of 2nd period - Stopped by Michael Hutchinson with a rebound.
6:26 of 2nd period - Wrist shot by Artem Anisimov.
6:26 of 2nd period - Shot Misses the Net.
6:28 of 2nd period - Wrist shot by Dave Dziurzynski.
6:28 of 2nd period - Shot Misses the Net.
6:30 of 2nd period - Snap shot by Artem Anisimov.
6:30 of 2nd period - Shot Misses the Net.
8:13 of 2nd period - Penalty to David Savard is over, David Savard is back on ice.
8:27 of 2nd period - Snap shot by Adam Lowry.
8:27 of 2nd period - Shot Misses the Net.
8:35 of 2nd period - Connor Chatam is hit by Matthew Nieto and loses puck.
9:13 of 2nd period - Off-side.
9:14 of 2nd period - Philip Varone wins face-off versus Kevin Roy in neutral zone.
9:19 of 2nd period - Slapshot by Tanner Pearson.
9:19 of 2nd period - Shot Misses the Net.
9:21 of 2nd period - Snap shot by Bryan Rust.
9:21 of 2nd period - Deflect By Philip Varone.
9:21 of 2nd period - Goal by Philip Varone - Heat : 2 - Wolfpack : 2.
9:22 of 2nd period - Artem Anisimov wins face-off versus Philip Varone in neutral zone.
9:35 of 2nd period - Snap shot by Richard Panik.
9:35 of 2nd period - Stopped by Michael Hutchinson without a rebound.
9:36 of 2nd period - Victor Rask wins face-off versus Seth Griffith in Heat zone.
9:36 of 2nd period - Victor Rask is hit by Stefan Noesen.
9:41 of 2nd period - Matthew Nieto is hit by Seth Griffith.
9:57 of 2nd period - Minor Penalty to Seth Griffith for Interference.
9:58 of 2nd period - Richard Panik wins face-off versus Philip Varone in Wolfpack zone.
11:11 of 2nd period - Esa Lindell is hit by Joshua Jacobs and loses puck.
11:57 of 2nd period - Penalty to Seth Griffith is over, Seth Griffith is back on ice.
12:06 of 2nd period - Wrist shot by Dryden Hunt.
12:06 of 2nd period - Stopped by Michael Hutchinson without a rebound.
12:07 of 2nd period - Seth Griffith wins face-off versus Peter Cehlarik in Heat zone.
13:44 of 2nd period - Slapshot by Steven Santini.
13:44 of 2nd period - Shot Misses the Net.
13:46 of 2nd period - Wrist shot by Sebastian Collberg.
13:46 of 2nd period - Goal by Sebastian Collberg - Heat : 2 - Wolfpack : 3.
13:47 of 2nd period - Philip Varone wins face-off versus Artem Anisimov in neutral zone.
13:55 of 2nd period - Slapshot by Tanner Pearson.
13:55 of 2nd period - Shot Misses the Net.
13:57 of 2nd period - Slapshot by Greg Pateryn.
13:57 of 2nd period - Stopped by Jordan Binnington without a rebound.
13:58 of 2nd period - Artem Anisimov wins face-off versus Tanner Pearson in Wolfpack zone.
13:58 of 2nd period - Artem Anisimov is hit by Tanner Pearson.
14:35 of 2nd period - Victor Rask is hit by Ryan Culkin.
15:09 of 2nd period - Snap shot by Samuel Blais.
15:09 of 2nd period - Stopped by Michael Hutchinson with a rebound.
15:11 of 2nd period - Slapshot by Joshua Jacobs.
15:11 of 2nd period - Shot Misses the Net.
15:13 of 2nd period - Slapshot by Colton White.
15:13 of 2nd period - Shot Misses the Net.
15:15 of 2nd period - Slapshot by Colton White.
15:15 of 2nd period - Shot Blocked by Greg Pateryn.
15:17 of 2nd period - Slapshot by Colton White.
15:17 of 2nd period - Shot Blocked by Mathieu Brodeur.
15:19 of 2nd period - Snap shot by Samuel Blais.
15:19 of 2nd period - Goal by Samuel Blais - Heat : 2 - Wolfpack : 4.
15:19 of 2nd period - Antti Raanta enters game.
15:20 of 2nd period - Artem Anisimov wins face-off versus Philip Varone in neutral zone.
15:20 of 2nd period - Richard Panik is hit by Bryan Rust and loses puck.
15:43 of 2nd period - Minor Penalty to Joshua Jacobs for Hooking.
15:44 of 2nd period - Richard Panik wins face-off versus Philip Varone in Wolfpack zone.
15:53 of 2nd period - Slapshot by Richard Panik.
15:53 of 2nd period - Goal by Richard Panik - Heat : 2 - Wolfpack : 5.
15:54 of 2nd period - Richard Panik wins face-off versus Philip Varone in neutral zone.
16:11 of 2nd period - Slapshot by Artem Anisimov.
16:11 of 2nd period - Stopped by Antti Raanta with a rebound.
16:17 of 2nd period - Artem Anisimov is hit by Esa Lindell and loses puck.
16:42 of 2nd period - Wrist shot by Kevin Labanc.
16:42 of 2nd period - Goal by Kevin Labanc - Heat : 3 - Wolfpack : 5.
16:43 of 2nd period - Victor Rask wins face-off versus Seth Griffith in neutral zone.
17:16 of 2nd period - Slapshot by Esa Lindell.
17:16 of 2nd period - Stopped by Jordan Binnington without a rebound.
17:17 of 2nd period - Artem Anisimov wins face-off versus Chris Brown in Wolfpack zone.
17:17 of 2nd period - Artem Anisimov is hit by Tyler Shattock.
18:23 of 2nd period - Wrist shot by Peter Cehlarik.
18:23 of 2nd period - Shot Misses the Net.
18:25 of 2nd period - Wrist shot by Tyler Shattock.
18:25 of 2nd period - Stopped by Jordan Binnington without a rebound.
18:26 of 2nd period - Artem Anisimov wins face-off versus Philip Varone in Wolfpack zone.
18:31 of 2nd period - Snap shot by Philip Varone.
18:31 of 2nd period - Goal by Philip Varone - Heat : 4 - Wolfpack : 5.
18:32 of 2nd period - Philip Varone wins face-off versus Artem Anisimov in neutral zone.
18:39 of 2nd period - Snap shot by Bryan Rust.
18:39 of 2nd period - Shot Misses the Net.
19:05 of 2nd period - Snap shot by Philip Varone.
19:05 of 2nd period - Shot Blocked by Sebastian Collberg.
19:07 of 2nd period - Wrist shot by Philip Varone.
19:07 of 2nd period - Stopped by Jordan Binnington without a rebound.
19:08 of 2nd period - Evgeny Svechnikov wins face-off versus Seth Griffith in Wolfpack zone.
19:13 of 2nd period - Slapshot by Victor Rask.
19:13 of 2nd period - Stopped by Jordan Binnington with a rebound.
19:17 of 2nd period - Slapshot by Matthew Nieto.
19:17 of 2nd period - Shot Misses the Net.
19:24 of 2nd period - Minor Penalty to Frank Corrado for Hooking.
19:25 of 2nd period - Philip Varone wins face-off versus Artem Anisimov in Heat zone.
19:36 of 2nd period - Snap shot by Richard Panik.
19:36 of 2nd period - Shot Blocked by Bryan Rust.
19:38 of 2nd period - Backhand shot by Dave Dziurzynski.
19:38 of 2nd period - Stopped by Antti Raanta with a rebound.
19:40 of 2nd period - Wrist shot by Ryan Culkin.
19:40 of 2nd period - Shot Misses the Net.
Goals for this period are 3 for Heat vs 4 for Wolfpack.
Shots for this period are 12 for Heat vs 20 for Wolfpack.
3rd period
0:01 of 3rd period - Philip Varone wins face-off versus Dave Dziurzynski in neutral zone.
0:08 of 3rd period - Wrist shot by Philip Varone.
0:08 of 3rd period - Stopped by Jordan Binnington with a rebound.
0:16 of 3rd period - Backhand shot by Artem Anisimov.
0:16 of 3rd period - Shot Blocked by Esa Lindell.
0:26 of 3rd period - Bryan Rust is hit by Ryan Culkin and loses puck.
1:24 of 3rd period - Penalty to Frank Corrado is over, Frank Corrado is back on ice.
1:41 of 3rd period - Slapshot by Steven Santini.
1:41 of 3rd period - Stopped by Antti Raanta with a rebound.
2:10 of 3rd period - Peter Cehlarik is hit by Dave Dziurzynski and loses puck.
2:54 of 3rd period - Minor Penalty to Victor Rask for Hooking.
2:55 of 3rd period - Richard Panik wins face-off versus Philip Varone in Heat zone.
3:11 of 3rd period - Snap shot by Artem Anisimov.
3:11 of 3rd period - Stopped by Antti Raanta with a rebound.
3:55 of 3rd period - Backhand shot by Matthew Nieto.
3:55 of 3rd period - Deflect By Ryan Spooner.
3:55 of 3rd period - Stopped by Jordan Binnington with a rebound.
3:57 of 3rd period - Slapshot by Colby Cohen.
3:57 of 3rd period - Stopped by Jordan Binnington with a rebound.
3:59 of 3rd period - Slapshot by Mathieu Brodeur.
3:59 of 3rd period - Shot Blocked by Dave Dziurzynski.
4:19 of 3rd period - Snap shot by Chris Brown.
4:19 of 3rd period - Stopped by Jordan Binnington with a rebound.
4:21 of 3rd period - Snap shot by Chris Brown.
4:21 of 3rd period - Stopped by Jordan Binnington without a rebound.
4:22 of 3rd period - Seth Griffith wins face-off versus Philip Varone in Wolfpack zone.
4:54 of 3rd period - Penalty to Victor Rask is over, Victor Rask is back on ice.
5:06 of 3rd period - Slapshot by Bryan Rust.
5:06 of 3rd period - Shot Blocked by Sebastian Collberg.
5:20 of 3rd period - Wrist shot by Bryan Rust.
5:20 of 3rd period - Stopped by Jordan Binnington with a rebound.
5:36 of 3rd period - Snap shot by Victor Rask.
5:36 of 3rd period - Stopped by Jordan Binnington without a rebound.
5:37 of 3rd period - Ryan Spooner wins face-off versus Artem Anisimov in Wolfpack zone.
6:03 of 3rd period - Esa Lindell is hit by David Pope and loses puck.
6:08 of 3rd period - Slapshot by David Pope.
6:08 of 3rd period - Shot Misses the Net.
6:10 of 3rd period - Snap shot by Colton White.
6:10 of 3rd period - Deflect By Seth Griffith.
6:10 of 3rd period - Shot Blocked by Chris Brown.
6:10 of 3rd period - Puck is out of play.
6:11 of 3rd period - Artem Anisimov wins face-off versus Victor Rask in Heat zone.
6:50 of 3rd period - Ryan Spooner is hit by Stefan Noesen and loses puck.
7:10 of 3rd period - Jacob Middleton is hit by Peter Cehlarik and loses puck.
7:35 of 3rd period - Snap shot by Connor Chatam.
7:35 of 3rd period - Stopped by Antti Raanta without a rebound.
7:36 of 3rd period - Artem Anisimov wins face-off versus Victor Rask in Heat zone.
7:37 of 3rd period - Snap shot by Richard Panik.
7:37 of 3rd period - Shot Blocked by Mathieu Brodeur.
7:39 of 3rd period - Slapshot by Ryan Culkin.
7:39 of 3rd period - Shot Misses the Net.
7:41 of 3rd period - Slapshot by Steven Santini.
7:41 of 3rd period - Shot Blocked by Matthew Nieto.
7:43 of 3rd period - Wrist shot by Artem Anisimov.
7:43 of 3rd period - Shot Blocked by Greg Pateryn.
7:45 of 3rd period - Snap shot by Steven Santini.
7:45 of 3rd period - Shot Misses the Net.
7:47 of 3rd period - Slapshot by Steven Santini.
7:47 of 3rd period - Shot Misses the Net.
7:49 of 3rd period - Snap shot by Ryan Culkin.
7:49 of 3rd period - Shot Blocked by Mathieu Brodeur.
7:51 of 3rd period - Snap shot by Artem Anisimov.
7:51 of 3rd period - Stopped by Antti Raanta with a rebound.
9:07 of 3rd period - Slapshot by Victor Rask.
9:07 of 3rd period - Stopped by Jordan Binnington with a rebound.
9:28 of 3rd period - Wrist shot by Stefan Noesen.
9:28 of 3rd period - Stopped by Antti Raanta with a rebound.
9:30 of 3rd period - Slapshot by Will Borgen.
9:30 of 3rd period - Shot Blocked by David Savard.
9:32 of 3rd period - Backhand shot by Will Borgen.
9:32 of 3rd period - Shot Blocked by Tanner Pearson.
9:46 of 3rd period - Esa Lindell is hit by Phillip Danault and loses puck.
9:57 of 3rd period - Snap shot by Phillip Danault.
9:57 of 3rd period - Stopped by Antti Raanta with a rebound.
9:59 of 3rd period - Wrist shot by Phillip Danault.
9:59 of 3rd period - Shot Blocked by Tanner Pearson.
10:06 of 3rd period - Icing by David Savard.
10:07 of 3rd period - Artem Anisimov wins face-off versus Philip Varone in Heat zone.
10:58 of 3rd period - Snap shot by Dave Dziurzynski.
10:58 of 3rd period - Stopped by Antti Raanta without a rebound.
10:59 of 3rd period - Seth Griffith wins face-off versus Victor Rask in Heat zone.
11:43 of 3rd period - Slapshot by Frank Corrado.
11:43 of 3rd period - Shot Blocked by Will Borgen.
11:52 of 3rd period - Off-side.
11:53 of 3rd period - Victor Rask wins face-off versus Seth Griffith in neutral zone.
12:20 of 3rd period - Artem Anisimov is hit by Jake DeBrusk and loses puck.
12:39 of 3rd period - Wrist shot by Phillip Danault.
12:39 of 3rd period - Shot Blocked by Colby Cohen.
12:49 of 3rd period - Snap shot by Sebastian Collberg.
12:49 of 3rd period - Shot Blocked by Frank Corrado.
12:51 of 3rd period - Slapshot by Joshua Jacobs.
12:51 of 3rd period - Shot Misses the Net.
13:02 of 3rd period - Minor Penalty to Adam Lowry for Roughing.
13:03 of 3rd period - Philip Varone wins face-off versus Artem Anisimov in Wolfpack zone.
13:17 of 3rd period - Snap shot by Kevin Labanc.
13:17 of 3rd period - Deflect By Philip Varone.
13:17 of 3rd period - Goal by Philip Varone - Heat : 5 - Wolfpack : 5.
13:18 of 3rd period - Philip Varone wins face-off versus Artem Anisimov in neutral zone.
13:42 of 3rd period - Icing by Ryan Culkin.
13:43 of 3rd period - Victor Rask wins face-off versus Artem Anisimov in Wolfpack zone.
13:46 of 3rd period - Snap shot by Victor Rask.
13:46 of 3rd period - Shot Blocked by Ryan Culkin.
13:46 of 3rd period - Ryan Culkin from Wolfpack is injured at 13:46 of 3rd period (Torso).
13:47 of 3rd period - Artem Anisimov wins face-off versus Philip Varone in Wolfpack zone.
13:47 of 3rd period - Artem Anisimov is hit by Bryan Rust.
14:02 of 3rd period - Off-side.
14:03 of 3rd period - Victor Rask wins face-off versus Seth Griffith in neutral zone.
14:33 of 3rd period - Minor Penalty to Greg Pateryn for Holding.
14:34 of 3rd period - Philip Varone wins face-off versus Artem Anisimov in Heat zone.
15:08 of 3rd period - Snap shot by Seth Griffith.
15:08 of 3rd period - Stopped by Antti Raanta without a rebound.
15:09 of 3rd period - Artem Anisimov wins face-off versus Philip Varone in Heat zone.
16:33 of 3rd period - Penalty to Greg Pateryn is over, Greg Pateryn is back on ice.
18:17 of 3rd period - Steven Santini is hit by Bryan Rust and loses puck.
19:10 of 3rd period - Slapshot by Sebastian Collberg.
19:10 of 3rd period - Stopped by Antti Raanta with a rebound.
19:12 of 3rd period - Snap shot by Kevin Roy.
19:12 of 3rd period - Deflect By Sebastian Collberg.
19:12 of 3rd period - Shot Misses the Net.
19:12 of 3rd period - Puck is out of play.
19:13 of 3rd period - Philip Varone wins face-off versus Seth Griffith in Heat zone.
19:15 of 3rd period - Minor Penalty to Greg Pateryn for High sticking.
19:16 of 3rd period - Philip Varone wins face-off versus Artem Anisimov in Heat zone.
19:48 of 3rd period - Snap shot by David Pope.
19:48 of 3rd period - Stopped by Antti Raanta with a rebound.
19:50 of 3rd period - Slapshot by Joshua Jacobs.
19:50 of 3rd period - Shot Blocked by Matthew Nieto.
Goals for this period are 1 for Heat vs 0 for Wolfpack.
Shots for this period are 9 for Heat vs 10 for Wolfpack.
Overtime #1
0:01 of 1st overtime period - Bryan Rust wins face-off versus Richard Panik in neutral zone.
0:08 of 1st overtime period - Slapshot by Esa Lindell.
0:08 of 1st overtime period - Deflect By Bryan Rust.
0:08 of 1st overtime period - Shot Misses the Net.
0:08 of 1st overtime period - Puck is out of play.
0:09 of 1st overtime period - Bryan Rust wins face-off versus Richard Panik in Wolfpack zone.
0:10 of 1st overtime period - Slapshot by Esa Lindell.
0:10 of 1st overtime period - Deflect By Bryan Rust.
0:10 of 1st overtime period - Stopped by Jordan Binnington with a rebound.
0:28 of 1st overtime period - Snap shot by Artem Anisimov.
0:28 of 1st overtime period - Shot Misses the Net.
0:36 of 1st overtime period - Wrist shot by Richard Panik.
0:36 of 1st overtime period - Stopped by Antti Raanta without a rebound.
0:37 of 1st overtime period - Richard Panik wins face-off versus Bryan Rust in Heat zone.
1:15 of 1st overtime period - Penalty to Greg Pateryn is over, Greg Pateryn is back on ice.
2:11 of 1st overtime period - Joshua Jacobs is hit by Esa Lindell and loses puck.
2:28 of 1st overtime period - Evgeny Svechnikov is hit by Colton White and loses puck.
2:45 of 1st overtime period - Evgeny Svechnikov is hit by Jacob Middleton and loses puck.
3:19 of 1st overtime period - Icing by David Savard.
3:20 of 1st overtime period - Richard Panik wins face-off versus Chris Brown in Heat zone.
3:29 of 1st overtime period - David Savard is hit by Derrick Pouliot and loses puck.
3:58 of 1st overtime period - Steven Santini is hit by Matthew Nieto and loses puck.
4:03 of 1st overtime period - Wrist shot by Victor Rask.
4:03 of 1st overtime period - Goal by Victor Rask - Heat : 6 - Wolfpack : 5.
Goals for this period are 1 for Heat vs 0 for Wolfpack.
Shots for this period are 2 for Heat vs 1 for Wolfpack.